 Dungeon Crawl Stone Soup version 0.30-a0-859-gf88a04b62d (webtiles) character file.

Game seed: 16524023175382911781

0 Esekla the Sneak (level 1, 0/16 HPs)
             Began as an Octopode Delver on Mar 6, 2023.
             Succumbed to a scorpion's poison
             ... on level 5 of the Dungeon.
             The game lasted 00:01:01 (76 turns).

Esekla the Sneak (Octopode Delver)                    Turns: 76, Time: 00:01:02

Health: 0/16       AC:  1    Str: 11    XL:     1   Next: 0%
Magic:  1/1        EV: 13    Int: 12    God:
Gold:   12         SH:  0    Dex: 13    Spells: 0/0 levels left

rFire   . . .      SeeInvis .    a - +0 falchion
rCold   . . .      Faith    .    (no shield)
rNeg    . . .      Spirit   .    (helmet restricted)
rPois   .          Reflect  .    (no amulet)
rElec   .          Rampage  .    (no ring)
rCorr   .                        (no ring)
Will    .....                    (no ring)
Stlth   ++++                     (no ring)
HPRegen 0.22/turn                (no ring)
MPRegen 0.07/turn                (no ring)
                                 (no ring)
                                 (no ring)

@: lethally poisoned (0 -> -6)
A: almost no armour, amphibious, 8 rings, camouflage 1, gelatinous body 1,
(nimble swimmer 1), tentacles
a: no special abilities


You were on level 5 of the Dungeon.
You visited 1 branch of the dungeon, and saw 1 of its levels.

You collected 12 gold pieces.

Inventory:

Hand Weapons
 a - a +0 falchion (weapon)
Wands
 f - a wand of digging (3)
Scrolls
 b - 2 scrolls of fog
 d - a scroll of fear
Potions
 e - a potion of haste


   Skills:
 * Level 3.0 Fighting
 * Level 2.0 Long Blades
 * Level 2.0 Dodging
 + Level 6.6 Stealth


You couldn't memorise any spells.
You didn't know any spells.
Your spell library was empty.

Dungeon Overview and Level Annotations

Branches:
Dungeon (5/15)             Temple (0/1) D:5

Altars:
Makhleb


Innate Abilities, Weirdness & Mutations

You cannot wear most types of armour.
You are amphibious.
You can wear up to eight rings at the same time.
Your skin changes colour to match your surroundings (Stealth+).
Your rubbery body absorbs attacks. (AC +1, EV +1)
((You are camouflaged when in or above water. (Stealth+)))
You have tentacles for arms and can constrict up to eight enemies at once.


Message History

You hear an angry hiss.
You hear an angry growl.
You hear an angry hiss. x4
You hear a bark! x2
An iguana comes into view.
You see here 6 gold pieces.
You now have 12 gold pieces (gained 6).
You hear a distant slurping noise.
There is an open door here.
You close the door.
You start waiting.
A scorpion comes into view.
The scorpion stings you.
You barely miss the scorpion. Your grab misses the scorpion.
You squeeze the scorpion.
The scorpion is lightly wounded.
The scorpion barely misses you.
You closely miss the scorpion. Your grab misses the scorpion.
The scorpion is lightly wounded.
An adder comes into view.
The scorpion barely misses you.
The adder moves out of view.
You barely miss the scorpion. You grab the scorpion.
The scorpion is lightly wounded.
You constrict the scorpion. The scorpion closely misses you.
The scorpion stings you.
You are lethally poisoned!
The scorpion poisons you!
Okay, then.
You hit the scorpion.
The scorpion is moderately wounded.
You constrict the scorpion, but do no damage.
You feel very sick.
The scorpion stings you but does no damage.
You slash the scorpion!
The scorpion is severely wounded.
You constrict the scorpion.
You feel sick. The scorpion closely misses you. The scorpion stings you.
* * * LOW HITPOINT WARNING * * *
You hit the scorpion.
You kill the scorpion!
The sentinel's mark upon you fades away.
You die...

*,.$...........,,*,* *,*,
*,............,,,,,* *,*,
*,......l....#**.##* *,*,
*,...........# *,..## *,**
*,...........# ***..# *,,,
***,...........# *#.# ****
*,,,...........# #.####
*,***######+#########....#
**,* #@#............###
**,,* #..l...........+..
****,,**
###............#.. ,,,,,**
###############. ****** #.
* #. #. #. #.


You could see an iguana.

Vanquished Creatures
  A scorpion (D:5)
1 creature vanquished.

Notes
Turn   | Place    | Note
-------+----------+-------------------------------------------
     0 | D:5      | Esekla the Octopode Delver began the quest for the Orb.
     0 | D:5      | Reached XP level 1. HP: 16/16 MP: 1/1
    14 | D:5      | Found a burning altar of Makhleb.
    14 | D:5      | Noticed a hound
    49 | D:5      | Noticed an iguana
    64 | D:5      | Noticed a scorpion
    76 | D:5      | Killed a scorpion
    76 | D:5      | Succumbed to a scorpion's poison

Illustrated notes

Levels and vault maps discovered:
D:5:      layout_basic, makhleb_blood_cavern_becter, temple_hall

Action                     || total
---------------------------++-------
  Melee: Falchion          ||     6
         Constrict         ||     1
         Tentacles         ||     1
    Use: Scroll            ||     1
 Armour: Skin              ||     1
  Dodge: Dodged            ||     4

Table legend: (Time is in decaauts)
 A = Elapsed time spent in this place.
 B = Non-inter-level travel time spent in this place.
 C = Inter-level travel time spent in this place.
 D = Time resting spent in this place.
 E = Time spent auto-exploring this place.
 F = Levels seen in this place.
 G = Mean time per level.
                   A        B        C        D        E       F      G
               +--------+--------+--------+--------+--------+-----+--------+
         Total |     77 |     77 |      0 |      6 |      0 |   1 |   77.0 |
       Dungeon |     77 |     77 |      0 |      6 |      0 |   1 |   77.0 |
               +--------+--------+--------+--------+--------+-----+--------+

Top non-repeatable levels by time:
     D:5: 77 daAuts
